 Dungeon Crawl Stone Soup version 0.19-a0-821-gf489216 (webtiles) character file.

500 seren the Chiller (level 6, -6/41 HPs)
             Began as a Demonspawn Ice Elementalist on June 29, 2016.
             Mangled by Blork the orc
             ... wielding a +0 glaive
              (8 damage)
             ... on level 5 of the Dungeon.
             The game lasted 00:37:28 (6022 turns).

seren the Chiller (Demonspawn Ice Elementalist)     Turns: 6022, Time: 00:37:29

Health: -6/41      AC:  6    Str: 13    XL:     6   Next: 94%
Magic:  9/9        EV: 14    Int: 18    God:
Gold:   162        SH:  0    Dex: 14    Spells: 3 memorised, 3 levels left

rFire  . . .     SeeInvis .     q - +2 dagger (venom)
rCold  . . .     Gourm    .     a - +0 robe
rNeg   . . .     Faith    .     (no shield)
rPois  .         Spirit   .     (no helmet)
rElec  .         Dismiss  +     y - +0 cloak
rCorr  .         Reflect  .     (no gloves)
SustAt .         Harm     .     (no boots)
MR     .....                    B - amulet of dismissal
Stlth  ++........               d - +5 ring of strength
                                j - +2 ring of evasion

@: slowed, very slow, not resistant to hostile enchantments, unstealthy
A: talons 2, thin metallic scales 2
a: no special abilities


You were on level 5 of the Dungeon.
You were not hungry.

You visited 1 branch of the dungeon, and saw 5 of its levels.

You collected 162 gold pieces.

Inventory:

Hand Weapons
 e - a +0 spear
 q - a +2 dagger of venom (weapon)
 C - a +0 mace
Missiles
 f - 4 javelins (quivered)
 i - 8 tomahawks
 D - a throwing net
Armour
 a - a +0 robe (worn)
 k - a +0 shield
 m - a +0 leather armour
 y - a +0 cloak (worn)
Jewellery
 d - a +5 ring of strength (right hand)
 j - a +2 ring of evasion (left hand)
 B - an amulet of dismissal (around neck)
Scrolls
 g - a scroll of fog
 o - 2 scrolls of teleportation {unknown}
 p - 2 scrolls of blinking {unknown}
 r - 2 scrolls of identify {unknown}
 s - 3 scrolls of remove curse
 u - a scroll of enchant armour {unknown}
 v - a scroll of enchant weapon {unknown}
 w - a scroll of noise {unknown}
 x - a scroll of fear {unknown}
Potions
 n - 2 potions of haste {unknown}
 z - a potion of might {unknown}
 E - a potion of mutation {unknown}
Books
 b - a book of Frost

   Spells                             Type                      Level
   a - Freeze                         Ice                          1
   b - Throw Frost                    Conjuration/Ice              2
   c - Ozocubu's Armour               Charms/Ice                   3
   d - Throw Icicle                   Conjuration/Ice              4
   e - Summon Ice Beast               Ice/Summoning                4
 h - a book of Burglary

   Spells                             Type                      Level
   a - Swiftness                      Charms/Air                   2
   b - Passwall                       Transmutation/Earth          2
   c - Passage of Golubria            Translocation                4
   d - Lee's Rapid Deconstruction     Earth                        5
   e - Darkness                       Hexes                        6
   f - Invisibility                   Hexes                        6
Comestibles
 c - 4 bread rations
 l - 2 beef jerkies
 t - 2 fruits
 A - a meat ration
 F - a chunk of flesh


   Skills:
 - Level 1.7 Dodging
 - Level 1.7 Stealth
 - Level 2.0 Spellcasting
 - Level 1.0 Conjurations
 + Level 7.2 Ice Magic


You had 3 spell levels left.
You knew the following spells:

 Your Spells              Type           Power        Failure   Level  Hunger
a - Freeze                Ice            ####         1%          1    #......
b - Throw Frost           Conj/Ice       ###...       6%          2    ###....
c - Ozocubu's Armour      Chrm/Ice       ##......     14%         3    ###....


Dungeon Overview and Level Annotations

Branches:
Dungeon (5/15)
 Temple: D:4-7

Altars:
Trog
Xom

Annotations:
D:3 Kenran's ghost, amateur OgBe
D:4 exclusions: ice beast and ogre, Dowan; Duvessa
D:5 exclusion: upstairs, Blork the orc


Innate Abilities, Weirdness & Mutations

You have razor-sharp toenails.
You are mostly covered in thin metallic scales. (AC +3)


Message History

Blork the orc shouts!
Blork the orc casts a spell.
Blork the orc flickers and vanishes!
Deactivating autopickup; reactivate with Ctrl-A.
A puff of frost appears from out of thin air!
The puff of frost hits you!
A magic dart appears from out of thin air!
The magic dart hits you!
You hear a zap.
You feel yourself slow down.
You hear some strange, mumbled words.
A puff of frost appears from out of thin air!
The puff of frost hits you! Something hits you!
As you read the scroll labeled TIERAOS NUURCH, it crumbles to dust.
You feel blessed for a moment.
It was a scroll of remove curse.
Something hits you!
* * * LOW HITPOINT WARNING * * *
As you read the scroll labeled IDOR WAXUHIPS, it crumbles to dust.
The scroll dissolves into smoke.
It was a scroll of fog.
Something hits you!
You die...

#....÷........#
#............##
#.............#
#########.....##
#......##
##......#
##...§.##
##§§§..##
##@§§..# #§§§..#
##....# #....##
#.....# #(...##
#.....##
#......#
#......#


There were no monsters in sight!

Vanquished Creatures
  2 hounds
  A jelly (D:5)
  An orc priest (D:3)
  A giant frog skeleton (D:5)
  5 iguanas (D:4)
  A worker ant (D:4)
  9 adders
  4 worms
  A giant gecko (D:3)
  8 orcs
  5 ball pythons
  4 giant cockroaches
  9 goblins
  11 hobgoblins
  5 jackals
  8 kobolds
  A quokka (D:2)
  10 bats
  4 giant newts
  20 rats
110 creatures vanquished.

Notes
Turn   | Place    | Note
--------------------------------------------------------------
     0 | D:1      | seren the Demonspawn Ice Elementalist began the quest for the Orb.
     0 | D:1      | Reached XP level 1. HP: 13/13 MP: 3/3
   180 | D:1      | Reached skill level 3 in Ice Magic
   229 | D:1      | Gained mutation: You are partially covered in thin metallic scales. (AC +2) [demonic ancestry]
   229 | D:1      | Reached XP level 2. HP: 19/19 MP: 1/5
   459 | D:1      | Learned a level 2 spell: Throw Frost
   788 | D:1      | Reached XP level 3. HP: 24/24 MP: 4/6
  1247 | D:1      | Learned a level 3 spell: Ozocubu's Armour
  1331 | D:2      | Reached skill level 4 in Ice Magic
  1336 | D:2      | Found a shimmering altar of Xom.
  2186 | D:2      | Gained mutation: You have sharp toenails. [demonic ancestry]
  2186 | D:2      | Reached XP level 4. HP: 30/30 MP: 4/7
  2604 | D:3      | Noticed Kenran's ghost (amateur OgBe)
  3061 | D:3      | Reached skill level 5 in Ice Magic
  3379 | D:3      | Noticed a moth of wrath
  3557 | D:4      | Noticed an ice beast
  3570 | D:4      | Noticed an ogre
  3684 | D:4      | Gained mutation: You have razor-sharp toenails. [demonic ancestry]
  3684 | D:4      | Reached XP level 5. HP: 23/35 MP: 0/8
  4054 | D:4      | Noticed Dowan
  4252 | D:3      | Found a bloodstained altar of Trog.
  4549 | D:4      | Reached skill level 6 in Ice Magic
  4655 | D:4      | Noticed Duvessa
  4724 | D:4      | Gained mutation: You are mostly covered in thin metallic scales. (AC +3) [demonic ancestry]
  4724 | D:4      | Reached XP level 6. HP: 41/41 MP: 5/9
  5464 | D:5      | Entered Level 5 of the Dungeon
  5736 | D:5      | Reached skill level 7 in Ice Magic
  6002 | D:5      | Noticed Blork the orc
  6021 | D:5      | HP: 2/41 [something (11)]
  6022 | D:5      | Mangled by Blork the orc

Vault maps used:
D:1:      erik_arrival_orb_chamber
D:2:      xom_teletrap_fun, minivault_14
D:3:      tgw_trog
D:4:      kennysheep_six_static_rooms, st_stairs_1, uniq_crazy_yiuf_cottage,
          uniq_duvessa
D:5:      first_bread, serial_shops, shop, uniq_blork_the_orc

Skill      XL: |  1  2  3  4  5  6 |
---------------+-------------------+-----
Ice Magic      | 3 4 5 6 7 |  7.2
Dodging        | |  1.7
Stealth        | |  1.7
Spellcasting   | |  2.0
Conjurations   | |  1.0

Action                   |  1- 3 |  4- 6 || total
-------------------------+-------+-------++-------
Melee: Dagger            |    10 |    42 ||    52
       Kick              |       |    12 ||    12
 Cast: Freeze            |    78 |   117 ||   195
       Ozocubu's Armour  |       |     1 ||     1
       Throw Frost       |       |     6 ||     6
  Use: Scroll            |       |     2 ||     2
 Stab: Sleeping          |     3 |       ||     3
  Eat: Chunk             |     5 |    14 ||    19
Armor: Robe              |     8 |    26 ||    34
Dodge: Dodged            |    22 |    96 ||   118
